Ducks vs Sharks (R1)

Created - November 28, 2025 at 21:00

Goals
1 2 3 T
Ducks 1 1 1 3
Sharks 2 5 2 9
Shots
1 2 3 T
Ducks 12 9 11 32
Sharks 7 20 11 38

1st period

1. Sharks , Conor Sheary 5 (Boone Jenner 9) at 3:36
2. Sharks , Nail Yakupov 3 (Devin Shore 3, Connor Murphy 5) at 4:28
3. Ducks , Nico Hischier 2 (Adrian Kempe 5) at 7:21

Penalties :
MacKenzie Weegar (S.J) for Hooking (Minor) at 12:06

2nd period

4. Sharks , Conor Sheary 6 (Boone Jenner 10, Markus Nutivaara 6) at 3:46
5. Ducks , Adrian Kempe 6 (Nico Hischier 2) at 4:18
6. Sharks , William Carrier 2 (Nail Yakupov 3, Devin Shore 4) at 10:19
7. Sharks , William Carrier 3 (Devin Shore 5, Nail Yakupov 4) at 14:11
8. Sharks , Conor Sheary 7 (Boone Jenner 11, Drew Doughty 2) at 16:00 (PP)
9. Sharks , Markus Nutivaara 1 (Boone Jenner 12) at 16:06

Penalties :
Connor Murphy (S.J) for Tripping (Minor) at 5:35, Nico Hischier (Ana) for Roughing (Minor) at 11:52, Tyler Myers (Ana) for Holding (Minor) at 15:05

3rd period

10. Sharks , Ben Smith 3 (Greg Stewart 2, Markus Nutivaara 7) at 2:59
11. Sharks , Max Domi 5 (Connor Murphy 6, Markus Nutivaara 8) at 9:54 (SH)
12. Ducks , Teemu Hartikainen 1 (Cody Eakin 6, Carter Verhaeghe 4) at 13:58

Penalties :
Greg Stewart (S.J) for Tripping (Minor) at 8:28, Zack MacEwen (Ana) for Tripping (Minor) at 15:18

Goalie Stats

Marek Mazanek (Ana), 10 saves from 14 shots - (0.714), 12:40 minutes
Michal Neuvirth (Ana), 19 saves from 24 shots - (0.792), L, 4-5-0, 47:20 minutes
Malcolm Subban (S.J), 29 saves from 32 shots - (0.906), W, 1-1-0, 60:00 minutes

Players Stats for Ducks

Player Name              G  A  P  +/- PIM S  H  SB GA TA FO     MP     PP MP  PK MP  
------------------------------------------------------------------------------------
Adam Gaudette            0  0  0  -6  0   5  2  0  3  1  1/2    20:20   2:28   0:00 
Adam Larsson             0  0  0  -1  0   0  2  0  0  1  0/0    26:34   2:12   2:32 
Adrian Kempe             1  1  2   1  0   3  1  1  0  0  0/1    16:16   3:29   0:00 
Alex Pietrangelo         0  0  0   0  0   5  0  0  0  1  0/0    25:56   3:45   0:13 
Carter Verhaeghe         0  1  1  -5  0   1  1  0  0  0  0/1    21:06   3:29   0:00 
Cody Eakin               0  1  1   0  0   1  0  0  0  0  2/4    15:08   2:28   2:59 
Danny DeKeiser           0  0  0   1  0   0  1  2  0  2  0/0    16:36   3:45   1:50 
Frederick Gaudreau       0  0  0  -1  0   0  0  0  0  0  3/5     9:36   0:00   0:56 
John Carlson             0  0  0  -5  0   2  1  1  1  2  0/0    16:42   0:00   0:00 
Josh Anderson            0  0  0   1  0   0  0  0  0  0  1/1     9:38   0:00   0:00 
Matt Martin              0  0  0  -1  0   4  0  0  0  0  0/0    11:46   0:00   3:06 
Nico Hischier            1  1  2   1  2   3  1  0  0  0  4/10   13:50   0:00   0:39 
Nikita Tryamkin          0  0  0   1  0   0  1  0  1  0  0/0    13:44   0:00   3:03 
Teemu Hartikainen        1  0  1   1  0   2  1  0  0  0  0/0    11:41   0:00   1:50 
Tye McGinn               0  0  0   0  0   0  2  0  1  0  3/3    15:45   2:28   0:15 
Tyler Johnson            0  0  0  -5  0   6  0  1  1  0  13/33  21:17   3:29   0:01 
Tyler Myers              0  0  0  -6  2   0  2  3  0  0  0/0    20:27   2:12   2:08 
Zack MacEwen             0  0  0  -1  2   0  0  0  0  0  0/0     8:42   0:00   0:00 

Players Stats for Sharks

Player Name              G  A  P  +/- PIM S  H  SB GA TA FO     MP     PP MP  PK MP  
------------------------------------------------------------------------------------
Ben Smith                1  0  1   1  0   4  4  0  1  2  2/5    21:34   2:46   3:24 
Boone Jenner             0  4  4   2  0   4  0  0  1  1  9/11   19:52   2:07   1:43 
Brandon Carlo            0  0  0   1  0   1  0  1  0  0  0/0    28:16   3:08   3:45 
Brendan Gaunce           0  0  0   0  0   1  4  0  0  0  0/1     6:45   0:00   0:53 
Charlie McAvoy           0  0  0   0  0   0  0  1  0  0  0/0    11:58   0:00   0:00 
Connor Murphy            0  2  2   4  2   0  1  0  0  1  0/0    18:43   1:45   1:31 
Conor Sheary             3  0  3   2  0   7  3  0  1  0  0/0    19:52   2:07   1:43 
Devin Shore              0  3  3   2  0   2  1  0  1  0  4/6    11:52   0:00   0:00 
Drew Doughty             0  1  1   1  0   2  1  2  1  1  0/0    28:16   3:08   3:45 
Greg Stewart             0  1  1   0  2   1  1  1  0  0  0/1    18:56   2:46   0:47 
Kurtis Macdermid         0  0  0   2  0   1  1  0  0  0  0/1    18:09   2:07   0:00 
MacKenzie Weegar         0  0  0   0  2   1  1  1  1  0  0/0    12:59   0:00   0:41 
Markus Nutivaara         1  3  4   4  0   2  2  1  1  1  0/0    19:46   1:45   2:12 
Max Domi                 1  0  1   1  0   5  1  0  0  0  18/34  26:21   2:46   3:24 
Nail Yakupov             1  2  3   2  0   4  0  0  0  1  0/0    11:52   0:00   0:00 
Oscar Sundqvist          0  0  0   0  0   0  0  0  0  0  0/0     1:05   0:00   0:00 
Vince Hinostroza         0  0  0   0  0   0  1  0  0  0  0/0     5:52   0:00   0:00 
William Carrier          2  0  2   2  0   3  0  0  0  0  0/1    11:52   0:00   0:00 

3 Stars

1 - Conor Sheary (S.J)
2 - Markus Nutivaara (S.J)
3 - William Carrier (S.J)

Power Play

Ducks - 0 on 3 Attempt(s) - 0.00%
Sharks - 1 on 3 Attempt(s) - 33.33%

Penalty Kill

Ducks - 2 on 3 Attempt(s) - 66.67% - Score 0 goal in Penalty Kill
Sharks - 3 on 3 Attempt(s) - 100.00% - Score 1 goal in Penalty Kill

Team Stat

Ducks - Hits : 15 - Faceoff Wins : 27 - Blocked Shots : 8 - Penalty Minutes : 6
Sharks - Hits : 21 - Faceoff Wins : 33 - Blocked Shots : 7 - Penalty Minutes : 6

Official

Referees : Tom Chmielewski and Dan O'Rourke
Linesman : Michel Cormier and Ryan Daisy

Game Notes

Marek Mazanek enters game at 10:19 of 2nd period
Conor Sheary has scored a Hat Trick!
Michal Neuvirth enters game at 2:59 of 3rd period

Finance

Level 1 -- Attendance: 5428 (90.47%) -- Ticket Income $542,800
Level 2 -- Attendance: 4545 (90.90%) -- Ticket Income $318,150
Level 3 -- Attendance: 1846 (92.30%) -- Ticket Income $73,840
Level 4 -- Attendance: 3535 (88.38%) -- Ticket Income $106,050
Luxury Box -- Attendance: 933 (93.30%) -- Ticket Income $186,600
Game was played at the SAP Center.
Total Attendance: 16287 (90.48%)
Total Ticket Income: $1,227,440
Other Income: $184,116
Total Income: $1,411,556

Ducks

5 vs 5 Forward 
   Center                   Left Wing                Right Wing               Time % Phy DF OF 
 1 Tyler Johnson            Carter Verhaeghe         Adam Gaudette            40     0   2  3  
 2 Nico Hischier            Tye McGinn               Adrian Kempe             30     0   2  3  
 3 Cody Eakin               Teemu Hartikainen        Josh Anderson            20     0   2  3  
 4 Frederick Gaudreau       Matt Martin              Zack MacEwen             10     0   2  3  

5 vs 5 Defense 
   Defense                  Defense                                           Time % Phy DF OF 
 1 Alex Pietrangelo         Adam Larsson                                      40     0   2  3  
 2 Tyler Myers              John Carlson                                      30     0   2  3  
 3 Danny DeKeiser           Nikita Tryamkin                                   20     0   2  3  
 4 Adam Larsson             Alex Pietrangelo                                  10     0   2  3  

PowerPlay Forward 
   Center                   Left Wing                Right Wing               Time % Phy DF OF 
 1 Tyler Johnson            Carter Verhaeghe         Adrian Kempe             60     0   1  4  
 2 Cody Eakin               Tye McGinn               Adam Gaudette            40     0   1  4  

PowerPlay Defense
   Defense                  Defense                                           Time % Phy DF OF 
 1 Alex Pietrangelo         Danny DeKeiser                                    60     0   1  4  
 2 Tyler Myers              Adam Larsson                                      40     0   1  4  

Penalty Kill 4 Players Forward 
   Center                   Wing                     Time % Phy DF OF 
 1 Cody Eakin               Matt Martin              60     1   2  2  
 2 Frederick Gaudreau       Teemu Hartikainen        40     1   2  2  

Penalty Kill 4 Players Defense
   Defense                  Defense                  Time % Phy DF OF 
 1 Tyler Myers              Nikita Tryamkin          60     1   2  2  
 2 Danny DeKeiser           Adam Larsson             40     1   2  2  

Penalty Kill - 3 Players Forward 
   Forward                                           Time % Phy DF OF 
 1 Tyler Johnson                                     60     1   2  2  
 2 Tye McGinn                                        40     1   2  2  

Penalty Kill - 3 Players Defense
   Defense                  Defense                  Time % Phy DF OF 
 1 Tyler Myers              Danny DeKeiser           60     1   2  2  
 2 John Carlson             Nikita Tryamkin          40     1   2  2  

4 vs 4 Forward 
   Center                   Wing                     Time % Phy DF OF 
 1 Tyler Johnson            Tye McGinn               60     1   2  2  
 2 Nico Hischier            Adam Gaudette            40     1   2  2  

4 vs 4 Defense
   Defense                  Defense                  Time % Phy DF OF 
 1 Alex Pietrangelo         Danny DeKeiser           60     1   2  2  
 2 Tyler Myers              Adam Larsson             40     1   2  2  

Last Minutes Offensive
   Center                   Left Wing                Right Wing               Defense                  Defense                  
   Tyler Johnson            Tye McGinn               Adrian Kempe             Alex Pietrangelo         Danny DeKeiser           

Last Minutes Defensive
   Center                   Left Wing                Right Wing               Defense                  Defense                  
   Tyler Johnson            Tye McGinn               Adrian Kempe             Alex Pietrangelo         Danny DeKeiser           

Goaltenders
Starting : Michal Neuvirth          
Backup : Marek Mazanek            

Extra Forwards
Normal : Carter Verhaeghe, Tyler Johnson, Adam Gaudette - PP : Adam Gaudette, Adrian Kempe - PK : Teemu Hartikainen
Extra Defensemen
Normal : Alex Pietrangelo, John Carlson, Tyler Myers - PP : Alex Pietrangelo - PK : Nikita Tryamkin, Tyler Myers
Penalty Shots
Tyler Johnson, Tye McGinn, Adrian Kempe, Adam Gaudette, Nico Hischier
Custom OT Lines Forwards
Tyler Johnson, Tye McGinn, Adrian Kempe, Adam Gaudette, Matt Martin, Cody Eakin, Carter Verhaeghe, Frederick Gaudreau, Teemu Hartikainen, Nico Hischier
Custom OT Lines Defensemen
Alex Pietrangelo, Danny DeKeiser, Tyler Myers, Adam Larsson, John Carlson

Scratches
Kevin Fiala (Broken Right Index Finger Injury)

Sharks

5 vs 5 Forward 
   Center                   Left Wing                Right Wing               Time % Phy DF OF 
 1 Max Domi                 Greg Stewart             Ben Smith                40     1   2  2  
 2 Boone Jenner             Kurtis Macdermid         Conor Sheary             30     1   2  2  
 3 Devin Shore              William Carrier          Nail Yakupov             20     1   2  2  
 4 Brendan Gaunce           Max Domi                 Vince Hinostroza         10     1   2  2  

5 vs 5 Defense 
   Defense                  Defense                                           Time % Phy DF OF 
 1 Brandon Carlo            Drew Doughty                                      40     1   2  2  
 2 Markus Nutivaara         Connor Murphy                                     30     1   2  2  
 3 Charlie McAvoy           MacKenzie Weegar                                  20     1   2  2  
 4 Brandon Carlo            Drew Doughty                                      10     1   2  2  

PowerPlay Forward 
   Center                   Left Wing                Right Wing               Time % Phy DF OF 
 1 Max Domi                 Greg Stewart             Ben Smith                60     1   2  2  
 2 Boone Jenner             Kurtis Macdermid         Conor Sheary             40     1   2  2  

PowerPlay Defense
   Defense                  Defense                                           Time % Phy DF OF 
 1 Brandon Carlo            Drew Doughty                                      60     1   2  2  
 2 Markus Nutivaara         Connor Murphy                                     40     1   2  2  

Penalty Kill 4 Players Forward 
   Center                   Wing                     Time % Phy DF OF 
 1 Max Domi                 Ben Smith                60     1   2  2  
 2 Boone Jenner             Conor Sheary             40     1   2  2  

Penalty Kill 4 Players Defense
   Defense                  Defense                  Time % Phy DF OF 
 1 Brandon Carlo            Drew Doughty             60     1   2  2  
 2 Markus Nutivaara         Connor Murphy            40     1   2  2  

Penalty Kill - 3 Players Forward 
   Forward                                           Time % Phy DF OF 
 1 Max Domi                                          60     1   2  2  
 2 Ben Smith                                         40     1   2  2  

Penalty Kill - 3 Players Defense
   Defense                  Defense                  Time % Phy DF OF 
 1 Brandon Carlo            Drew Doughty             60     1   2  2  
 2 Markus Nutivaara         Connor Murphy            40     1   2  2  

4 vs 4 Forward 
   Center                   Wing                     Time % Phy DF OF 
 1 Max Domi                 Ben Smith                60     1   2  2  
 2 Boone Jenner             Conor Sheary             40     1   2  2  

4 vs 4 Defense
   Defense                  Defense                  Time % Phy DF OF 
 1 Brandon Carlo            Drew Doughty             60     1   2  2  
 2 Markus Nutivaara         Connor Murphy            40     1   2  2  

Last Minutes Offensive
   Center                   Left Wing                Right Wing               Defense                  Defense                  
   Max Domi                 Greg Stewart             Ben Smith                Brandon Carlo            Drew Doughty             

Last Minutes Defensive
   Center                   Left Wing                Right Wing               Defense                  Defense                  
   Max Domi                 Greg Stewart             Ben Smith                Brandon Carlo            Drew Doughty             

Goaltenders
Starting : Malcolm Subban           
Backup : Philipp Grubauer         

Extra Forwards
Normal : Oscar Sundqvist, Devin Shore, Brendan Gaunce - PP : Oscar Sundqvist, Devin Shore - PK : Brendan Gaunce
Extra Defensemen
Normal : Charlie McAvoy, MacKenzie Weegar, Markus Nutivaara - PP : Charlie McAvoy - PK : MacKenzie Weegar, Markus Nutivaara
Penalty Shots
Max Domi, Ben Smith, Boone Jenner, Conor Sheary, Devin Shore
Custom OT Lines Forwards
Max Domi, Ben Smith, Boone Jenner, Conor Sheary, Devin Shore, Brendan Gaunce, Oscar Sundqvist, Nail Yakupov, Greg Stewart, Vince Hinostroza
Custom OT Lines Defensemen
Brandon Carlo, Drew Doughty, Markus Nutivaara, Connor Murphy, Charlie McAvoy

Scratches
Ronalds Kenins (Sprained Right Ankle Injury)

% Time on Ice - Ducks

Lines # - Real PCT - Wanted PCT - Time Play
Normal Forward
1 - 36% - 40% - 17:50
2 - 27% - 30% - 13:02
3 - 20% - 20% - 9:38
4 - 18% - 10% - 8:40
Normal Defense
1 - 40% - 40% - 19:37
2 - 33% - 30% - 16:09
3 - 21% - 20% - 10:31
4 - 6% - 10% - 2:53
PP Forward
1 - 59% - 60% - 3:29
2 - 41% - 40% - 2:28
PP Defense
1 - 63% - 60% - 3:45
2 - 37% - 40% - 2:12
PK Forward
1 - 81% - 60% - 3:57
2 - 19% - 40% - 0:56
PK Defense
1 - 67% - 60% - 3:16
2 - 33% - 40% - 1:37
PK3 Forward
1 - 0% - 60%
2 - 0% - 40%
PK3 Defense
1 - 0% - 60%
2 - 0% - 40%
44 Forward
1 - 0% - 60%
2 - 0% - 40%
44 Defense
1 - 0% - 60%
2 - 0% - 40%
Last Minute Offensive  - 0:00
Last Minute Defensive  - 0:00
Total
Forward - 60:00
Defense - 60:00

% Time on Ice - Sharks

Lines # - Real PCT - Wanted PCT - Time Play
Normal Forward
1 - 31% - 40% - 15:24
2 - 33% - 30% - 16:02
3 - 24% - 20% - 11:52
4 - 12% - 10% - 5:52
Normal Defense
1 - 39% - 40% - 19:13
2 - 32% - 30% - 15:49
3 - 24% - 20% - 11:58
4 - 4% - 10% - 2:10
PP Forward
1 - 57% - 60% - 2:46
2 - 43% - 40% - 2:07
PP Defense
1 - 64% - 60% - 3:08
2 - 36% - 40% - 1:45
PK Forward
1 - 71% - 60% - 4:14
2 - 29% - 40% - 1:43
PK Defense
1 - 63% - 60% - 3:45
2 - 37% - 40% - 2:12
PK3 Forward
1 - 0% - 60%
2 - 0% - 40%
PK3 Defense
1 - 0% - 60%
2 - 0% - 40%
44 Forward
1 - 0% - 60%
2 - 0% - 40%
44 Defense
1 - 0% - 60%
2 - 0% - 40%
Last Minute Offensive  - 0:00
Last Minute Defensive  - 0:00
Total
Forward - 60:00
Defense - 60:00

Play-by-Play

1st period


0:01 of 1st period - Max Domi wins face-off versus Tyler Johnson in neutral zone.
0:11 of 1st period - Icing by Drew Doughty.
0:12 of 1st period - Tye McGinn wins face-off versus Max Domi in Sharks zone.
1:28 of 1st period - Slapshot by Max Domi.
1:28 of 1st period - Stopped by Michal Neuvirth with a rebound.
1:42 of 1st period - Connor Murphy is hit by Nikita Tryamkin and loses puck.
2:17 of 1st period - MacKenzie Weegar is hit by Teemu Hartikainen and loses puck.
2:36 of 1st period - Cody Eakin is hit by Ben Smith and loses puck.
2:49 of 1st period - Josh Anderson is hit by Conor Sheary and loses puck.
3:26 of 1st period - Snap shot by Boone Jenner.
3:26 of 1st period - Stopped by Michal Neuvirth with a rebound.
3:28 of 1st period - Snap shot by Boone Jenner.
3:28 of 1st period - Shot Misses the Net.
3:30 of 1st period - Slapshot by MacKenzie Weegar.
3:30 of 1st period - Stopped by Michal Neuvirth without a rebound.
3:31 of 1st period - Boone Jenner wins face-off versus Nico Hischier in Ducks zone.
3:36 of 1st period - Slapshot by Conor Sheary.
3:36 of 1st period - Goal by Conor Sheary - Ducks : 0 - Sharks : 1.
3:37 of 1st period - Max Domi wins face-off versus Tyler Johnson in neutral zone.
4:28 of 1st period - Slapshot by Nail Yakupov.
4:28 of 1st period - Goal by Nail Yakupov - Ducks : 0 - Sharks : 2.
4:29 of 1st period - Max Domi wins face-off versus Tyler Johnson in neutral zone.
4:41 of 1st period - Snap shot by Ben Smith.
4:41 of 1st period - Shot Misses the Net.
4:45 of 1st period - Slapshot by Max Domi.
4:45 of 1st period - Stopped by Michal Neuvirth without a rebound.
4:46 of 1st period - Boone Jenner wins face-off versus Nico Hischier in Ducks zone.
4:57 of 1st period - Snap shot by Adrian Kempe.
4:57 of 1st period - Shot Misses the Net.
6:47 of 1st period - Snap shot by Tyler Johnson.
6:47 of 1st period - Stopped by Malcolm Subban without a rebound.
6:48 of 1st period - Tyler Johnson wins face-off versus William Carrier in Sharks zone.
6:53 of 1st period - Snap shot by Tyler Johnson.
6:53 of 1st period - Stopped by Malcolm Subban with a rebound.
6:59 of 1st period - Slapshot by Tyler Johnson.
6:59 of 1st period - Stopped by Malcolm Subban with a rebound.
7:05 of 1st period - Wrist shot by Tyler Johnson.
7:05 of 1st period - Shot Blocked by Drew Doughty.
7:07 of 1st period - Slapshot by Adam Larsson.
7:07 of 1st period - Deflect By Carter Verhaeghe.
7:07 of 1st period - Shot Misses the Net.
7:07 of 1st period - Puck is out of play.
7:08 of 1st period - Nico Hischier wins face-off versus Max Domi in Sharks zone.
7:21 of 1st period - Snap shot by Nico Hischier.
7:21 of 1st period - Goal by Nico Hischier - Ducks : 1 - Sharks : 2.
7:22 of 1st period - Max Domi wins face-off versus Tyler Johnson in neutral zone.
7:33 of 1st period - Snap shot by Carter Verhaeghe.
7:33 of 1st period - Shot Blocked by Drew Doughty.
7:35 of 1st period - Slapshot by Adam Gaudette.
7:35 of 1st period - Stopped by Malcolm Subban without a rebound.
7:36 of 1st period - Tyler Johnson wins face-off versus Ben Smith in Sharks zone.
7:41 of 1st period - Slapshot by Alex Pietrangelo.
7:41 of 1st period - Stopped by Malcolm Subban without a rebound.
7:42 of 1st period - Max Domi wins face-off versus Tyler Johnson in Sharks zone.
7:42 of 1st period - Max Domi is hit by Adam Larsson.
8:23 of 1st period - Icing by Brandon Carlo.
8:24 of 1st period - Tye McGinn wins face-off versus Max Domi in Sharks zone.
9:12 of 1st period - Devin Shore is hit by Tyler Myers and loses puck.
9:33 of 1st period - Wrist shot by Carter Verhaeghe.
9:33 of 1st period - Stopped by Malcolm Subban with a rebound.
9:35 of 1st period - Wrist shot by Carter Verhaeghe.
9:35 of 1st period - Shot Misses the Net.
9:37 of 1st period - Slapshot by Tyler Myers.
9:37 of 1st period - Deflect By Carter Verhaeghe.
9:37 of 1st period - Shot Misses the Net.
9:37 of 1st period - Puck is out of play.
9:38 of 1st period - Devin Shore wins face-off versus Nico Hischier in Sharks zone.
9:47 of 1st period - Slapshot by Alex Pietrangelo.
9:47 of 1st period - Stopped by Malcolm Subban with a rebound.
10:05 of 1st period - Teemu Hartikainen is hit by Markus Nutivaara.
10:31 of 1st period - Carter Verhaeghe is hit by Conor Sheary and loses puck.
11:50 of 1st period - Slapshot by John Carlson.
11:50 of 1st period - Stopped by Malcolm Subban with a rebound.
11:58 of 1st period - Slapshot by Adam Gaudette.
11:58 of 1st period - Stopped by Malcolm Subban with a rebound.
12:00 of 1st period - Snap shot by Tyler Johnson.
12:00 of 1st period - Shot Misses the Net.
12:06 of 1st period - Minor Penalty to MacKenzie Weegar for Hooking.
12:07 of 1st period - Tyler Johnson wins face-off versus Max Domi in Sharks zone.
13:26 of 1st period - Adam Larsson is hit by Ben Smith and loses puck.
14:06 of 1st period - Penalty to MacKenzie Weegar is over, MacKenzie Weegar is back on ice.
15:23 of 1st period - Tyler Myers is hit by Brendan Gaunce and loses puck.
15:38 of 1st period - John Carlson is hit by Devin Shore and loses puck.
16:08 of 1st period - Brandon Carlo is hit by Adam Larsson and loses puck.
16:23 of 1st period - Slapshot by Devin Shore.
16:23 of 1st period - Stopped by Michal Neuvirth with a rebound.
16:35 of 1st period - Adrian Kempe is hit by Vince Hinostroza and loses puck.
17:17 of 1st period - Matt Martin is hit by Max Domi and loses puck.
17:56 of 1st period - Adam Larsson is hit by Brendan Gaunce and loses puck.
18:21 of 1st period - Drew Doughty is hit by Tye McGinn and loses puck.
18:38 of 1st period - Snap shot by Teemu Hartikainen.
18:38 of 1st period - Stopped by Malcolm Subban without a rebound.
18:39 of 1st period - Max Domi wins face-off versus Cody Eakin in Sharks zone.
18:50 of 1st period - Wrist shot by Cody Eakin.
18:50 of 1st period - Stopped by Malcolm Subban with a rebound.
18:52 of 1st period - Wrist shot by John Carlson.
18:52 of 1st period - Shot Blocked by Charlie McAvoy.
19:04 of 1st period - John Carlson is hit by Kurtis Macdermid and loses puck.
19:30 of 1st period - Charlie McAvoy is hit by John Carlson and loses puck.
Goals for this period are 1 for Ducks vs 2 for Sharks.
Shots for this period are 12 for Ducks vs 7 for Sharks.

2nd period


0:01 of 2nd period - Adam Gaudette wins face-off versus Max Domi in neutral zone.
0:30 of 2nd period - Off-side.
0:31 of 2nd period - Nico Hischier wins face-off versus Max Domi in neutral zone.
0:39 of 2nd period - Slapshot by Tye McGinn.
0:39 of 2nd period - Shot Misses the Net.
0:41 of 2nd period - Wrist shot by Adrian Kempe.
0:41 of 2nd period - Stopped by Malcolm Subban without a rebound.
0:42 of 2nd period - Max Domi wins face-off versus Tyler Johnson in Sharks zone.
0:57 of 2nd period - Backhand shot by Carter Verhaeghe.
0:57 of 2nd period - Shot Misses the Net.
0:59 of 2nd period - Snap shot by Adam Gaudette.
0:59 of 2nd period - Shot Misses the Net.
1:06 of 2nd period - Icing by Drew Doughty.
1:07 of 2nd period - Max Domi wins face-off versus Nico Hischier in Sharks zone.
1:12 of 2nd period - Slapshot by Drew Doughty.
1:12 of 2nd period - Shot Misses the Net.
1:36 of 2nd period - Wrist shot by Max Domi.
1:36 of 2nd period - Stopped by Michal Neuvirth with a rebound.
2:00 of 2nd period - Wrist shot by Nail Yakupov.
2:00 of 2nd period - Stopped by Michal Neuvirth with a rebound.
2:02 of 2nd period - Backhand shot by Nail Yakupov.
2:02 of 2nd period - Stopped by Michal Neuvirth with a rebound.
2:04 of 2nd period - Slapshot by Brandon Carlo.
2:04 of 2nd period - Stopped by Michal Neuvirth with a rebound.
2:06 of 2nd period - Snap shot by William Carrier.
2:06 of 2nd period - Shot Misses the Net.
2:24 of 2nd period - Snap shot by Boone Jenner.
2:24 of 2nd period - Shot Misses the Net.
2:40 of 2nd period - Backhand shot by Adrian Kempe.
2:40 of 2nd period - Shot Blocked by Greg Stewart.
2:58 of 2nd period - Snap shot by Nail Yakupov.
2:58 of 2nd period - Stopped by Michal Neuvirth with a rebound.
3:34 of 2nd period - Snap shot by Matt Martin.
3:34 of 2nd period - Stopped by Malcolm Subban without a rebound.
3:35 of 2nd period - Tyler Johnson wins face-off versus Boone Jenner in Sharks zone.
3:40 of 2nd period - Wrist shot by Tyler Johnson.
3:40 of 2nd period - Stopped by Malcolm Subban with a rebound.
3:46 of 2nd period - Slapshot by Conor Sheary.
3:46 of 2nd period - Goal by Conor Sheary - Ducks : 1 - Sharks : 3.
3:47 of 2nd period - Max Domi wins face-off versus Tyler Johnson in neutral zone.
4:13 of 2nd period - Kurtis Macdermid is hit by Tyler Myers and loses puck.
4:18 of 2nd period - Slapshot by Adrian Kempe.
4:18 of 2nd period - Goal by Adrian Kempe - Ducks : 2 - Sharks : 3.
4:19 of 2nd period - Tyler Johnson wins face-off versus Max Domi in neutral zone.
4:28 of 2nd period - Slapshot by Carter Verhaeghe.
4:28 of 2nd period - Shot Misses the Net.
4:34 of 2nd period - Adam Larsson is hit by Ben Smith and loses puck.
4:45 of 2nd period - Slapshot by Devin Shore.
4:45 of 2nd period - Deflect By Tyler Johnson.
4:45 of 2nd period - Shot Misses the Net.
4:45 of 2nd period - Puck is out of play.
4:46 of 2nd period - Nico Hischier wins face-off versus Devin Shore in Ducks zone.
5:35 of 2nd period - Minor Penalty to Connor Murphy for Tripping.
5:36 of 2nd period - Max Domi wins face-off versus Tyler Johnson in Sharks zone.
5:52 of 2nd period - Slapshot by Adrian Kempe.
5:52 of 2nd period - Stopped by Malcolm Subban with a rebound.
6:49 of 2nd period - Slapshot by Markus Nutivaara.
6:49 of 2nd period - Deflect By Greg Stewart.
6:49 of 2nd period - Shot Blocked by Tyler Myers.
6:49 of 2nd period - Puck is out of play.
6:50 of 2nd period - Tyler Johnson wins face-off versus Brendan Gaunce in Ducks zone.
7:09 of 2nd period - Max Domi is hit by Carter Verhaeghe and loses puck.
7:35 of 2nd period - Penalty to Connor Murphy is over, Connor Murphy is back on ice.
7:40 of 2nd period - Wrist shot by Nail Yakupov.
7:40 of 2nd period - Shot Misses the Net.
8:08 of 2nd period - Wrist shot by Boone Jenner.
8:08 of 2nd period - Stopped by Michal Neuvirth without a rebound.
8:09 of 2nd period - Boone Jenner wins face-off versus Adam Gaudette in Ducks zone.
8:14 of 2nd period - Wrist shot by Conor Sheary.
8:14 of 2nd period - Stopped by Michal Neuvirth with a rebound.
8:16 of 2nd period - Slapshot by Charlie McAvoy.
8:16 of 2nd period - Deflect By Conor Sheary.
8:16 of 2nd period - Shot Misses the Net.
8:16 of 2nd period - Puck is out of play.
8:17 of 2nd period - Boone Jenner wins face-off versus Tyler Johnson in Ducks zone.
8:24 of 2nd period - Wrist shot by Conor Sheary.
8:24 of 2nd period - Stopped by Michal Neuvirth with a rebound.
9:06 of 2nd period - Wrist shot by Matt Martin.
9:06 of 2nd period - Stopped by Malcolm Subban without a rebound.
9:07 of 2nd period - Boone Jenner wins face-off versus Frederick Gaudreau in Sharks zone.
9:16 of 2nd period - Snap shot by Conor Sheary.
9:16 of 2nd period - Stopped by Michal Neuvirth with a rebound.
9:38 of 2nd period - Wrist shot by Tyler Johnson.
9:38 of 2nd period - Stopped by Malcolm Subban with a rebound.
9:40 of 2nd period - Snap shot by Tyler Johnson.
9:40 of 2nd period - Stopped by Malcolm Subban without a rebound.
9:41 of 2nd period - Tyler Johnson wins face-off versus Max Domi in Sharks zone.
10:17 of 2nd period - Wrist shot by William Carrier.
10:17 of 2nd period - Stopped by Michal Neuvirth with a rebound.
10:19 of 2nd period - Snap shot by William Carrier.
10:19 of 2nd period - Goal by William Carrier - Ducks : 2 - Sharks : 4.
10:19 of 2nd period - Marek Mazanek enters game.
10:20 of 2nd period - Nico Hischier wins face-off versus Max Domi in neutral zone.
10:47 of 2nd period - Brandon Carlo is hit by Adam Gaudette and loses puck.
11:07 of 2nd period - Off-side.
11:08 of 2nd period - Josh Anderson wins face-off versus Devin Shore in neutral zone.
11:15 of 2nd period - Snap shot by Cody Eakin.
11:15 of 2nd period - Shot Misses the Net.
11:21 of 2nd period - Slapshot by Alex Pietrangelo.
11:21 of 2nd period - Stopped by Malcolm Subban with a rebound.
11:52 of 2nd period - Minor Penalty to Nico Hischier for Roughing.
11:53 of 2nd period - Cody Eakin wins face-off versus Max Domi in Ducks zone.
12:04 of 2nd period - Snap shot by Max Domi.
12:04 of 2nd period - Shot Blocked by Tyler Myers.
12:06 of 2nd period - Slapshot by Drew Doughty.
12:06 of 2nd period - Stopped by Marek Mazanek with a rebound.
12:08 of 2nd period - Slapshot by Drew Doughty.
12:08 of 2nd period - Shot Blocked by Tyler Myers.
12:50 of 2nd period - Icing by Ben Smith.
12:51 of 2nd period - Frederick Gaudreau wins face-off versus Greg Stewart in Sharks zone.
13:02 of 2nd period - Nikita Tryamkin is hit by Greg Stewart and loses puck.
13:19 of 2nd period - Snap shot by Boone Jenner.
13:19 of 2nd period - Stopped by Marek Mazanek without a rebound.
13:20 of 2nd period - Frederick Gaudreau wins face-off versus Kurtis Macdermid in Ducks zone.
13:37 of 2nd period - Snap shot by Conor Sheary.
13:37 of 2nd period - Shot Misses the Net.
13:52 of 2nd period - Penalty to Nico Hischier is over, Nico Hischier is back on ice.
14:01 of 2nd period - Snap shot by Devin Shore.
14:01 of 2nd period - Stopped by Marek Mazanek without a rebound.
14:02 of 2nd period - Devin Shore wins face-off versus Tyler Johnson in Ducks zone.
14:11 of 2nd period - Wrist shot by William Carrier.
14:11 of 2nd period - Goal by William Carrier - Ducks : 2 - Sharks : 5.
14:12 of 2nd period - Max Domi wins face-off versus Tyler Johnson in neutral zone.
14:27 of 2nd period - Wrist shot by Ben Smith.
14:27 of 2nd period - Stopped by Marek Mazanek with a rebound.
14:43 of 2nd period - Off-side.
14:44 of 2nd period - Boone Jenner wins face-off versus Nico Hischier in neutral zone.
15:05 of 2nd period - Minor Penalty to Tyler Myers for Holding.
15:06 of 2nd period - Cody Eakin wins face-off versus Max Domi in Ducks zone.
15:06 of 2nd period - Cody Eakin is hit by Drew Doughty.
15:58 of 2nd period - Wrist shot by Boone Jenner.
15:58 of 2nd period - Shot Misses the Net.
16:00 of 2nd period - Wrist shot by Conor Sheary.
16:00 of 2nd period - Goal by Conor Sheary - Ducks : 2 - Sharks : 6.
16:01 of 2nd period - Boone Jenner wins face-off versus Tyler Johnson in neutral zone.
16:06 of 2nd period - Wrist shot by Markus Nutivaara.
16:06 of 2nd period - Goal by Markus Nutivaara - Ducks : 2 - Sharks : 7.
16:07 of 2nd period - Max Domi wins face-off versus Tyler Johnson in neutral zone.
17:01 of 2nd period - Snap shot by Teemu Hartikainen.
17:01 of 2nd period - Shot Blocked by Markus Nutivaara.
17:13 of 2nd period - Matt Martin is hit by Brendan Gaunce and loses puck.
18:06 of 2nd period - Tyler Myers is hit by MacKenzie Weegar.
19:02 of 2nd period - Snap shot by Ben Smith.
19:02 of 2nd period - Shot Misses the Net.
19:04 of 2nd period - Snap shot by Greg Stewart.
19:04 of 2nd period - Stopped by Marek Mazanek without a rebound.
19:05 of 2nd period - Tye McGinn wins face-off versus Max Domi in Ducks zone.
19:12 of 2nd period - Max Domi is hit by Tye McGinn and loses puck.
Goals for this period are 1 for Ducks vs 5 for Sharks.
Shots for this period are 9 for Ducks vs 20 for Sharks.

3rd period


0:01 of 3rd period - Max Domi wins face-off versus Tyler Johnson in neutral zone.
1:22 of 3rd period - Off-side.
1:23 of 3rd period - Tyler Johnson wins face-off versus Max Domi in neutral zone.
1:43 of 3rd period - John Carlson is hit by Conor Sheary and loses puck.
1:55 of 3rd period - Boone Jenner is hit by Danny DeKeiser and loses puck.
2:21 of 3rd period - Slapshot by Drew Doughty.
2:21 of 3rd period - Stopped by Marek Mazanek with a rebound.
2:23 of 3rd period - Snap shot by Conor Sheary.
2:23 of 3rd period - Stopped by Marek Mazanek with a rebound.
2:25 of 3rd period - Wrist shot by Drew Doughty.
2:25 of 3rd period - Shot Blocked by Danny DeKeiser.
2:27 of 3rd period - Slapshot by Kurtis Macdermid.
2:27 of 3rd period - Stopped by Marek Mazanek without a rebound.
2:28 of 3rd period - Max Domi wins face-off versus Tyler Johnson in Ducks zone.
2:31 of 3rd period - Wrist shot by Ben Smith.
2:31 of 3rd period - Stopped by Marek Mazanek with a rebound.
2:34 of 3rd period - Icing by John Carlson.
2:35 of 3rd period - Max Domi wins face-off versus Carter Verhaeghe in Ducks zone.
2:36 of 3rd period - Snap shot by Ben Smith.
2:36 of 3rd period - Stopped by Marek Mazanek with a rebound.
2:41 of 3rd period - Icing by Adam Gaudette.
2:42 of 3rd period - Tyler Johnson wins face-off versus Ben Smith in Ducks zone.
2:55 of 3rd period - Snap shot by Greg Stewart.
2:55 of 3rd period - Shot Blocked by John Carlson.
2:57 of 3rd period - Slapshot by Markus Nutivaara.
2:57 of 3rd period - Shot Misses the Net.
2:59 of 3rd period - Snap shot by Greg Stewart.
2:59 of 3rd period - Deflect By Ben Smith.
2:59 of 3rd period - Goal by Ben Smith - Ducks : 2 - Sharks : 8.
2:59 of 3rd period - Michal Neuvirth enters game.
3:00 of 3rd period - Tyler Johnson wins face-off versus Max Domi in neutral zone.
3:03 of 3rd period - Slapshot by Alex Pietrangelo.
3:03 of 3rd period - Stopped by Malcolm Subban without a rebound.
3:04 of 3rd period - Tyler Johnson wins face-off versus Ben Smith in Sharks zone.
4:50 of 3rd period - Slapshot by Frederick Gaudreau.
4:50 of 3rd period - Shot Blocked by Brandon Carlo.
4:54 of 3rd period - Backhand shot by Matt Martin.
4:54 of 3rd period - Stopped by Malcolm Subban without a rebound.
4:55 of 3rd period - Ben Smith wins face-off versus Tyler Johnson in Sharks zone.
5:03 of 3rd period - Off-side.
5:04 of 3rd period - Ben Smith wins face-off versus Tyler Johnson in neutral zone.
5:21 of 3rd period - Icing by Alex Pietrangelo.
5:22 of 3rd period - Boone Jenner wins face-off versus Tyler Johnson in Ducks zone.
6:11 of 3rd period - Snap shot by Matt Martin.
6:11 of 3rd period - Stopped by Malcolm Subban without a rebound.
6:12 of 3rd period - Devin Shore wins face-off versus Frederick Gaudreau in Sharks zone.
6:19 of 3rd period - Backhand shot by Devin Shore.
6:19 of 3rd period - Shot Blocked by Danny DeKeiser.
6:45 of 3rd period - Wrist shot by Boone Jenner.
6:45 of 3rd period - Shot Misses the Net.
6:47 of 3rd period - Slapshot by Brandon Carlo.
6:47 of 3rd period - Shot Blocked by Tyler Johnson.
7:01 of 3rd period - Slapshot by Danny DeKeiser.
7:01 of 3rd period - Shot Misses the Net.
7:25 of 3rd period - Wrist shot by Alex Pietrangelo.
7:25 of 3rd period - Stopped by Malcolm Subban without a rebound.
7:26 of 3rd period - Frederick Gaudreau wins face-off versus Boone Jenner in Sharks zone.
7:53 of 3rd period - Adam Larsson is hit by Markus Nutivaara and loses puck.
8:28 of 3rd period - Minor Penalty to Greg Stewart for Tripping.
8:29 of 3rd period - Max Domi wins face-off versus Tyler Johnson in Sharks zone.
8:45 of 3rd period - Snap shot by Tyler Johnson.
8:45 of 3rd period - Shot Misses the Net.
9:05 of 3rd period - Snap shot by Adam Gaudette.
9:05 of 3rd period - Stopped by Malcolm Subban with a rebound.
9:25 of 3rd period - Snap shot by Markus Nutivaara.
9:25 of 3rd period - Stopped by Michal Neuvirth without a rebound.
9:26 of 3rd period - Boone Jenner wins face-off versus Adrian Kempe in Ducks zone.
9:43 of 3rd period - Conor Sheary is hit by Adrian Kempe and loses puck.
9:54 of 3rd period - Slapshot by Connor Murphy.
9:54 of 3rd period - Deflect By Max Domi.
9:54 of 3rd period - Goal by Max Domi - Ducks : 2 - Sharks : 9.
9:55 of 3rd period - Tyler Johnson wins face-off versus Max Domi in neutral zone.
10:28 of 3rd period - Penalty to Greg Stewart is over, Greg Stewart is back on ice.
11:14 of 3rd period - Frederick Gaudreau is hit by Brendan Gaunce and loses puck.
11:33 of 3rd period - Wrist shot by Nico Hischier.
11:33 of 3rd period - Stopped by Malcolm Subban with a rebound.
11:35 of 3rd period - Snap shot by John Carlson.
11:35 of 3rd period - Stopped by Malcolm Subban with a rebound.
12:47 of 3rd period - Snap shot by Nico Hischier.
12:47 of 3rd period - Stopped by Malcolm Subban without a rebound.
12:48 of 3rd period - Devin Shore wins face-off versus Tyler Johnson in Sharks zone.
13:02 of 3rd period - Slapshot by Adam Gaudette.
13:02 of 3rd period - Stopped by Malcolm Subban with a rebound.
13:04 of 3rd period - Wrist shot by Adam Gaudette.
13:04 of 3rd period - Stopped by Malcolm Subban without a rebound.
13:05 of 3rd period - Max Domi wins face-off versus Nico Hischier in Sharks zone.
13:10 of 3rd period - John Carlson is hit by Ben Smith and loses puck.
13:58 of 3rd period - Slapshot by Teemu Hartikainen.
13:58 of 3rd period - Goal by Teemu Hartikainen - Ducks : 3 - Sharks : 9.
13:59 of 3rd period - Tyler Johnson wins face-off versus Max Domi in neutral zone.
14:32 of 3rd period - Wrist shot by Boone Jenner.
14:32 of 3rd period - Stopped by Michal Neuvirth with a rebound.
14:34 of 3rd period - Snap shot by Boone Jenner.
14:34 of 3rd period - Shot Blocked by Adrian Kempe.
15:12 of 3rd period - Snap shot by Brendan Gaunce.
15:12 of 3rd period - Stopped by Michal Neuvirth with a rebound.
15:18 of 3rd period - Minor Penalty to Zack MacEwen for Tripping.
15:19 of 3rd period - Max Domi wins face-off versus Cody Eakin in Ducks zone.
15:24 of 3rd period - Wrist shot by Max Domi.
15:24 of 3rd period - Stopped by Michal Neuvirth with a rebound.
17:18 of 3rd period - Penalty to Zack MacEwen is over, Zack MacEwen is back on ice.
17:26 of 3rd period - Connor Murphy is hit by Adam Gaudette and loses puck.
17:49 of 3rd period - Max Domi is hit by Nico Hischier and loses puck.
18:50 of 3rd period - Wrist shot by Adrian Kempe.
18:50 of 3rd period - Shot Blocked by MacKenzie Weegar.
19:28 of 3rd period - Cody Eakin is hit by Connor Murphy.
Goals for this period are 1 for Ducks vs 2 for Sharks.
Shots for this period are 11 for Ducks vs 11 for Sharks.